 Dungeon Sprint DCSS version 0.20.1-1-g8b1a95d (webtiles) character file.

840 Fang the Cleaver (level 8, 0/87 HPs)
             Began as a Gargoyle Berserker on Oct 19, 2018.
             Was a High Priest of Trog.
             Slain by a ten-headed hydra (7 damage)
             ... in the Dungeon (Sprint VII: "The Pits").
             The game lasted 00:01:20 (776 turns).

Fang the Cleaver (Gargoyle Berserker)                Turns: 776, Time: 00:01:21

Health: 0/87       AC: 14    Str: 28    XL:     8   Next: 0%
Magic:  8/8        EV: 13    Int:  8    God:    Trog [*****.]
Gold:   0          SH:  0    Dex:  9    Spells: 7/7 levels left

rFire    . . .     SeeInvis .   o - +0 hand axe (freeze)
rCold    + . .     Gourm    .   (no shield)
rNeg     + . .     Faith    .   p - +3 ring mail {rC+}
rPois    ∞         Spirit   .   (no helmet)
rElec    +         Reflect  .   (no cloak)
rCorr    .         Harm     .   (no gloves)
MR       .....     NoTele   +   (no boots)
Stlth    ..........             (no amulet)
Regen    0.3/turn               (no ring)
MPRegen  0.2/turn               (no ring)

@: berserking, very quick
A: negative energy resistance 1, electricity resistance, unbreathing,
petrification resistance, rot immunity, AC +5
a: Berserk, Trog's Hand, Brothers in Arms, Burn Spellbooks, Renounce Religion


You were in the Dungeon.
You worshipped Trog.
Trog was extremely pleased with you.
You were near starving.

You visited 1 branch

Inventory:

Hand Weapons
 j - a +2 hand axe
 o - a +0 hand axe of freezing (weapon)
Armour
 p - a +3 ring mail of cold resistance (worn)
Scrolls
 i - a scroll of blinking
 k - 3 scrolls of remove curse
 l - a scroll of summoning
Potions
 a - 2 potions of invisibility
 d - 6 potions of curing
 e - 5 potions of heal wounds
 f - a potion of haste
 g - 4 potions of magic
 h - 3 potions of berserk rage
Comestibles
 c - 8 bread rations
 m - 40 fruits
 n - 7 meat rations


   Skills:
 + Level 10.3 Fighting
 + Level 10.5 Axes
 + Level 6.8 Armour
 + Level 5.6 Dodging
 + Level 2.6 Stealth


You had 7 spell levels left.
You didn't know any spells.

Dungeon Overview and Level Annotations

Branches:
Dungeon (1/1)

Altars:
Cheibriados
Dithmenos
Elyvilon
Fedhas
Gozag
Hepliaklqana
Makhleb
Nemelex Xobeh
Okawaru
Qazlal
Ru
Sif Muna
Trog
Vehumet
Xom
Yredelemnul
Zin
The Shining One
Beogh
Jiyva
Lugonu


Innate Abilities, Weirdness & Mutations

You are resistant to torment.
Your stone body is resilient. (AC +5)
You are immune to poison.
You resist negative energy. (rN+)
You are resistant to electric shocks. (rElec)
You can survive without breathing.
You are immune to petrification.
You are immune to rotting.


Message History

The eight-headed hydra closely misses you.
You lop one of the eight-headed hydra's heads off!
The seven-headed hydra grows two more!
You slash the nine-headed hydra!
The nine-headed hydra seems to slow down.
You freeze the nine-headed hydra.
The nine-headed hydra is lightly wounded.
Unknown command.
You lop one of the nine-headed hydra's heads off!
The eight-headed hydra grows two more!
You slash the ten-headed hydra! You freeze the ten-headed hydra.
The ten-headed hydra is moderately wounded.
The ten-headed hydra bites you but does no damage.
The ten-headed hydra bites you.
* * * LOW HITPOINT WARNING * * *
The ten-headed hydra bites you but does no damage.
The ten-headed hydra bites you!
* * * LOW HITPOINT WARNING * * *
The ten-headed hydra closely misses you.
The ten-headed hydra bites you!
You die...

#.#........##.......#
#'###########.......#
#)†.....#.. #########
#.......#)######
#...#...#)#....#
#..###..#'#....#
#...#...#St....+
#.......#D#....#
#.......@†#....#
################


You could see a ten-headed hydra, a crocodile and a ball python.

Vanquished Creatures
  A deep elf mage (D)
  A redback (D)
  A warg (D)
  A scorpion (D)
  A crimson imp (D)
  A quasit (D)
  A gnoll (D)
  2 ufetubi (D)
  4 orcs (D)
  A giant cockroach (D)
  A hobgoblin (D)
  A kobold (D)
  A quokka (D)
  A bat (D)
  2 frilled lizards (D)
  A rat (D)
21 creatures vanquished.

Notes
Turn   | Place    | Note
-------+----------+-------------------------------------------
     0 | D        | Fang the Gargoyle Berserker began the quest for the Orb.
     0 | D        | Reached XP level 1. HP: 14/14 MP: 1/1
    15 | D        | Reached XP level 2. HP: 13/20 MP: 2/2
   124 | D        | Found a bloodstained altar of Trog.
   124 | D        | Found a deep blue altar of Sif Muna.
   124 | D        | Found a viscous altar of Jiyva.
   124 | D        | Found a hazy altar of Hepliaklqana.
   124 | D        | Found an opulent altar of Gozag.
   125 | D        | Found a glowing golden altar of the Shining One.
   125 | D        | Found a glowing silver altar of Zin.
   125 | D        | Found a basalt altar of Yredelemnul.
   125 | D        | Found a shimmering altar of Xom.
   125 | D        | Found a sacrificial altar of Ru.
   125 | D        | Found a stormy altar of Qazlal.
   125 | D        | Found an iron altar of Okawaru.
   125 | D        | Found a sparkling altar of Nemelex Xobeh.
   125 | D        | Found a burning altar of Makhleb.
   125 | D        | Found a blossoming altar of Fedhas.
   125 | D        | Found a white marble altar of Elyvilon.
   125 | D        | Found a shadowy altar of Dithmenos.
   125 | D        | Found a snail-covered altar of Cheibriados.
   128 | D        | Found a corrupted altar of Lugonu.
   128 | D        | Found a radiant altar of Vehumet.
   128 | D        | Found a roughly hewn altar of Beogh.
   169 | D        | Reached ** piety under Trog
   342 | D        | Reached *** piety under Trog
   344 | D        | Reached skill level 5 in Fighting
   458 | D        | Noticed a warg
   459 | D        | Noticed a deep elf mage
   459 | D        | Noticed a scorpion
   461 | D        | Reached XP level 3. HP: 26/26 MP: 3/3
   465 | D        | Killed a warg
   465 | D        | Reached **** piety under Trog
   465 | D        | Reached XP level 4. HP: 31/34 MP: 4/4
   465 | D        | Reached XP level 5. HP: 34/38 MP: 5/5
   479 | D        | Killed a deep elf mage
   479 | D        | Reached skill level 5 in Dodging
   479 | D        | Reached skill level 1 in Stealth
   479 | D        | Reached XP level 6. HP: 22/48 MP: 6/6
   479 | D        | Reached XP level 7. HP: 24/52 MP: 7/7
   484 | D        | Reached ***** piety under Trog
   484 | D        | Reached skill level 10 in Fighting
   613 | D        | Reached skill level 10 in Axes
   647 | D        | Noticed a redback
   657 | D        | Killed a redback
   756 | D        | Reached XP level 8. HP: 58/58 MP: 8/8
   765 | D        | Noticed an eight-headed hydra
   776 | D        | Slain by a ten-headed hydra

Skill      XL: |  1  2  3  4  5  6  7 |
---------------+----------------------+-----
Fighting       | 4 5 7 9 10 | 10.3
Axes           | 3 4 6 9 10 | 10.5
Dodging        | 2 3 5 |  5.6
Armour         | 4 6 |  6.8
Stealth        | 1 2 |  2.6

Action                   |  1- 3 |  4- 6 |  7- 9 || total
-------------------------+-------+-------+-------++-------
Melee: Hand axe          |    21 |    13 |    35 ||    69
Invok: Berserk           |     1 |       |     1 ||     2
       Brothers in Arms  |       |       |     1 ||     1
  Use: Potion            |       |       |     1 ||     1
 Stab: Distracted        |       |     1 |       ||     1
       Sleeping          |       |       |     2 ||     2
Armor: Animal skin       |     8 |       |       ||     8
       Ring mail         |     2 |    13 |    20 ||    35
Dodge: Dodged            |    21 |    19 |    29 ||    69
